AoeStats
← Mirku

Black Forest

510219531Analyzed
4v4 RM · 2d ago on Sep 30, 2026· 51m 24s· 8 players
Game mode
Random Map
Map size
Large (8 player)
Population
200
Speed
Normal
Resources
Standard
Victory
Conquest
Starting age
Dark Age
Ending age
Imperial Age
RankedLock teamsTeams togetherTeam positionsShared explorationLock speedFull tech treeHidden civsTurbo modeCheats
Victory
Defeat
🇺🇸 Teutons · United States
936
+18
🇧🇷 Romans · Brazil
935
+18
🇷🇺 Poles · Russia
892
+20
🇺🇸 Byzantines · United States
889
+20
🇨🇦 Ethiopians · Canada
1022
-20
🇨🇦 Saxons · Canada
1021
-20
🇨🇦 Mongols · Canada
999
-20
🇨🇦 Persians · Canada
901
-16
Phil Mccrack
9:57 Loom
11:43 Feudal Age
16:42 Castle Age
14:37 Double-Bit Axe
15:34 Horse Collar
18:05 Wheelbarrow
21:19 Heavy Plow
22:45 Bow Saw
23:35 Hand Cart
24:25 Gold Mining
24:25 Stone Mining
28:01 Gold Shaft Mining
28:01 Stone Shaft Mining
30:30 Imperial Age
29:46 Stone Shaft Mining
30:48 Caravan
31:40 Crop Rotation
32:14 Two-Man Saw
33:16 Chemistry
33:08 Guilds
32:55 Fletching
33:05 Padded Archer Armor
33:18 Husbandry
32:39 Heavy Camel Rider
33:06 Treadmill Crane
33:48 Ballistics
33:39 Fortified Wall
33:25 Murder Holes
34:27 Thumb Ring
34:23 Bodkin Arrow
34:44 Leather Archer Armor
34:15 Fishing Lines
36:46 Conscription
37:39 Gillnets
37:34 Elite Cataphract
38:26 Bracer
38:41 Leather Archer Armor
38:37 Forging
38:32 Scale Barding Armor
39:40 Logistica
40:37 Elite Skirmisher
40:38 Crossbowman
41:58 Iron Casting
41:43 Chain Barding Armor
41:53 Ring Archer Armor
41:59 Bombard Tower
42:50 Hoardings
41:40 Arbalester
41:44 Cavalier
42:44 Light Cavalry
42:45 Paladin
43:48 Hussar
45:57 Plate Barding Armor
45:23 Scale Mail Armor
47:23 Chain Mail Armor
49:31 Plate Mail Armor
tequilamockingbird
0:35 Loom
14:32 Feudal Age
17:00 Stone Mining
16:54 Horse Collar
22:18 Castle Age
20:09 Double-Bit Axe
20:40 Scale Mail Armor
20:33 Fletching
22:18 Gold Mining
22:43 Forging
24:23 Bow Saw
29:48 Heavy Plow
32:58 Caravan
35:04 Wheelbarrow
35:06 Bloodlines
35:06 Scale Barding Armor
35:37 Iron Casting
39:17 Imperial Age
37:37 Bodkin Arrow
38:03 Chain Barding Armor
38:20 Arson
38:39 Squires
38:00 Pikeman
39:33 Hand Cart
40:42 Plate Barding Armor
39:39 Cavalier
40:48 Halberdier
41:49 Masonry
42:09 Conscription
42:44 Paladin
44:54 Crenellations
49:46 Padded Archer Armor
76561199137489861
7:58 Loom
12:27 Feudal Age
12:49 Horse Collar
12:59 Double-Bit Axe
17:59 Castle Age
19:18 Bow Saw
20:53 Heavy Plow
24:49 Wheelbarrow
25:56 Scale Barding Armor
28:16 Hand Cart
28:22 Caravan
29:27 Szlachta Privileges
29:54 Husbandry
30:07 Bloodlines
30:19 Town Watch
33:28 Imperial Age
31:21 Fletching
31:52 Chain Barding Armor
31:42 Forging
32:07 Bodkin Arrow
34:59 Iron Casting
34:25 Cavalier
36:18 Crop Rotation
35:54 Light Cavalry
39:12 Chemistry
38:18 Siege Engineers
40:41 Winged Hussar
45:02 Blast Furnace
44:03 Bracer
46:02 Conscription
46:47 Lechitic Legacy
46:50 Padded Archer Armor
51:30 Hoardings
NannoD
1:12 Loom
12:56 Feudal Age
16:50 Castle Age
15:47 Double-Bit Axe
15:55 Horse Collar
18:52 Wheelbarrow
21:15 Hand Cart
21:09 Squires
23:10 Bow Saw
25:24 Gold Mining
25:24 Stone Mining
26:36 Heavy Plow
29:56 Pikeman
32:51 Ballistics
33:29 Murder Holes
33:45 Masonry
34:44 Gold Shaft Mining
37:08 Imperial Age
36:30 Fortified Wall
37:40 Heavy Scorpion
40:19 Conscription
40:08 Ballistas
40:24 Comitatenses
39:25 Elite Centurion
41:50 Chemistry
41:06 Halberdier
47:30 Scale Barding Armor
47:36 Forging
47:26 Scale Mail Armor
49:13 Capped Ram
51:49 Chain Barding Armor
52:04 Iron Casting
51:45 Chain Mail Armor
51:21 Fletching
51:31 Padded Archer Armor
Leeoku
0:31 Loom
13:07 Feudal Age
14:19 Double-Bit Axe
18:47 Castle Age
18:07 Horse Collar
20:43 Heavy Plow
23:03 Stone Mining
24:35 Gold Mining
33:18 Imperial Age
32:49 Wheelbarrow
32:42 Town Watch
32:22 Crossbowman
34:06 Fletching
33:55 Arbalester
35:44 Ballistics
36:26 Chemistry
35:46 Ballistics
35:16 Halberdier
36:52 Conscription
37:17 Torsion Engines
38:34 Masonry
39:57 Bodkin Arrow
40:52 Siege Engineers
41:57 Bracer
42:08 Forging
43:50 Thumb Ring
43:47 Padded Archer Armor
43:47 Scale Mail Armor
44:25 Iron Casting
43:50 Scale Mail Armor
43:58 Squires
43:46 Elite Skirmisher
46:13 Leather Archer Armor
48:38 Architecture
48:26 Hand Cart
50:04 Murder Holes
Cavil
0:29 Loom
11:40 Feudal Age
12:32 Double-Bit Axe
15:28 Horse Collar
18:59 Castle Age
17:48 Gold Mining
20:05 Crossbowman
21:36 Gold Shaft Mining
21:47 Heavy Plow
22:43 Fletching
23:56 Bow Saw
24:11 Scale Mail Armor
25:08 Wheelbarrow
24:39 Bodkin Arrow
27:46 Forging
29:10 Pikeman
30:17 Masonry
33:26 Imperial Age
31:19 Squires
31:36 Chain Mail Armor
33:20 Iron Casting
33:29 Hand Cart
33:45 Gambesons
33:32 Halberdier
35:21 Chemistry
36:41 Conscription
36:51 Town Watch
38:02 Plate Mail Armor
Mirku
5:47 Loom
12:43 Feudal Age
14:48 Double-Bit Axe
21:41 Castle Age
21:30 Gold Mining
21:36 Stone Mining
22:54 Bow Saw
28:23 Wheelbarrow
29:31 Gold Shaft Mining
29:34 Stone Shaft Mining
30:11 Horse Collar
31:49 Hand Cart
33:22 Heavy Plow
38:00 Imperial Age
35:58 Forging
35:53 Scale Barding Armor
36:34 Scale Barding Armor
36:20 Fletching
36:30 Padded Archer Armor
36:22 Elite Skirmisher
37:05 Husbandry
37:19 Bloodlines
37:57 Cavalier
40:30 Two-Man Saw
40:21 Iron Casting
40:06 Chain Barding Armor
39:42 Bodkin Arrow
39:47 Padded Archer Armor
40:24 Crop Rotation
40:19 Savar
43:49 Blast Furnace
43:24 Plate Barding Armor
44:16 Leather Archer Armor
47:19 Caravan
47:52 Ring Archer Armor
Sinister Monster
1:52 Loom
14:15 Feudal Age
15:29 Double-Bit Axe
16:00 Gold Mining
15:54 Horse Collar
18:09 Stone Mining
18:34 Fishing Lines
21:12 Castle Age
19:09 Fletching
22:05 Forging
21:58 Padded Archer Armor
22:40 Bow Saw
22:54 Bodkin Arrow
25:01 Bodkin Arrow
27:58 Gillnets
29:35 Heavy Plow
31:16 Wheelbarrow
32:31 Leather Archer Armor
32:39 Hand Cart
32:58 Town Watch
36:37 Imperial Age
34:22 Bloodlines
35:04 Husbandry
35:42 Bodkin Arrow
36:37 Thumb Ring
36:10 Light Cavalry
37:01 Scale Barding Armor
37:06 Forging
37:21 Ballistics
37:11 Masonry
36:57 Murder Holes
39:28 Parthian Tactics
39:06 Bracer
38:30 Elite Mangudai
39:32 Conscription
40:28 Chain Barding Armor
40:43 Iron Casting
42:57 Chemistry
42:04 Siege Engineers
42:48 Hussar
44:30 Hoardings
46:28 Drill
47:47 Fortified Wall
47:02 Onager
49:57 Drill
49:11 Siege Onager
51:27 Blast Furnace
Connection lost

Rejoining the realm…

Still unreachable

The connection could not be restored.

Session expired

The server has moved on; the page needs a fresh start.